 Dungeon Crawl Stone Soup version 0.30-a0-305-g026cb31310 (webtiles) character file.

Game seed: 3495848093177566580

3179 porpoise the Carver (level 9, 0/70 (72) HPs)
             Began as a Merfolk Monk on Oct 21, 2022.
             Was a Priest of Elyvilon.
             Slain by a wight
             ... wielding a +3 trident
              (5 damage)
             ... on level 7 of the Dungeon on Oct 22, 2022.
             The game lasted 00:35:49 (9034 turns).

porpoise the Carver (Merfolk Monk)                  Turns: 9034, Time: 00:35:49

HP:   0/70 (72)     AC:  9    Str: 17    XL:     9   Next: 95%
MP:   13/13         EV: 14    Int: 16    God:    Elyvilon [***...]
Gold: 255           SH:  0    Dex: 20    Spells: 8/8 levels left

rFire   . . .      SeeInvis .    a - +0 falchion
rCold   . . .      Faith    +    (no shield)
rNeg    . . .      Spirit   .    d - +0 ring mail
rPois   .          Reflect  .    p - +1 helmet
rElec   .          Harm     .    (no cloak)
rCorr   .          Rampage  .    (no gloves)
Will    .....                    k - +1 pair of boots
Stlth   ++........               f - amulet of faith
HPRegen 0.31/turn                i - +6 ring of intelligence
MPRegen 0.13/turn                y - +6 ring of strength

@: lightly drained
A: (nimble swimmer 2), mertail
a: Renounce Religion, Purification, Heal Other, Heal Self


You were on level 7 of the Dungeon.
You worshipped Elyvilon.
Elyvilon was most pleased with you.
You visited 2 branches of the dungeon, and saw 8 of its levels.

You collected 346 gold pieces.
You spent 91 gold pieces at shops.

Inventory:

Hand Weapons
 a - a +0 falchion (weapon)
 b - a +1 short sword of venom
 t - a +2 dagger of venom
Missiles
 s - a throwing net (quivered)
Armour
 d - a +0 ring mail (worn)
 k - a +1 pair of boots (worn)
 p - a +1 helmet (worn)
Jewellery
 f - an amulet of faith (around neck)
 i - a +6 ring of intelligence (left hand)
 x - a ring of ice
 y - a +6 ring of strength (right hand)
 E - a +6 ring of intelligence
Wands
 g - a wand of flame (13)
 G - a wand of acid (6)
Scrolls
 h - a scroll of poison
 j - 2 scrolls of magic mapping
 l - 4 scrolls of enchant armour
 m - 3 scrolls of teleportation
 o - 2 scrolls of blinking
 q - 3 scrolls of identify
 u - a scroll of brand weapon
 w - 2 scrolls of noise
 z - a scroll of immolation {unknown}
 A - a scroll of fear
 D - a scroll of amnesia {unknown}
Potions
 c - a potion of ambrosia
 e - a potion of curing
 n - a potion of mutation
 r - a potion of attraction
 v - 2 potions of flight
 C - a potion of brilliance


   Skills:
 - Level 7.0 Fighting
 + Level 2.0(7.9) Short Blades
 - Level 12.0 Long Blades
 - Level 3.0 Armour
 + Level 5.8 Dodging
 - Level 2.1 Stealth
 + Level 5.7 Invocations


You had 8 spell levels left.
You didn't know any spells.
Your spell library contained the following spells:

 Spells                   Type           Power      Damage    Failure   Level
 Blink                    Tloc           0%         N/A       56%         2
 Gell's Gravitas          Tloc           0%         N/A       80%         3
 Lesser Beckoning         Tloc           0%         N/A       80%         3
 Ozocubu's Armour         Ice            0%         N/A       80%         3
 Teleport Other           Tloc           0%         N/A       80%         3
 Manifold Assault         Tloc           0%         N/A       99%         4
 Metabolic Englaciation   Hex/Ice        0%         N/A       100%        5
 Simulacrum               Ice/Necr       0%         N/A       100%        6
 Ozocubu's Refrigeration  Ice            0%         4d7       100%        7
 Storm Form               Tmut/Air       0%         N/A       100%        7


Dungeon Overview and Level Annotations

Branches:
Dungeon (7/15)             Temple (1/1) D:5

Altars:
Ashenzari
Cheibriados
Dithmenos
Elyvilon
Fedhas
Gozag
Kikubaaqudgha
Makhleb
Nemelex Xobeh
Okawaru
Qazlal
Ru
Sif Muna
Trog
Uskayaw
Vehumet
Wu Jian
Xom
Yredelemnul
Zin
The Shining One

Shops:
D:1 =   D:2 ?


Innate Abilities, Weirdness & Mutations

((You are very nimble when in or above water. (Stealth+, EV+, Speed+++)))
Your lower body shifts to a powerful aquatic tail in water.


Message History

You feel better. The troll barely misses you. The troll misses you.
The troll claws you!
* * * LOW HITPOINT WARNING * * *
You feel better. The troll bites you!
* * * LOW HITPOINT WARNING * * *
The troll closely misses you. The troll completely misses you.
Throw: 2 darts (atropa)
Press: ? - help, Q - select action, (/) - cycle Shift-Dir - straight line, f/p - troll
Aim: a troll (heavily wounded, extremely poisoned, 65% to hit, chance to blind on hit: 3%)
You throw an atropa-tipped dart.
The atropa-tipped dart barely misses the troll.
The troll closely misses you. The troll claws you but does no damage.
The troll closely misses you.
Throw: dart (atropa)
Press: ? - help, Q - select action, (/) - cycle Shift-Dir - straight line, f/p - troll
Aim: a troll (severely wounded, extremely poisoned, 65% to hit, chance to blind on hit: 3%)
You throw an atropa-tipped dart.
The atropa-tipped dart closely misses the troll.
The troll misses you. x2; The troll closely misses you.
Okay, then.
Aiming: Corrosive Bolt
Press: ? - help, Shift-Dir - straight line, f/p - troll
Aim: a troll (severely wounded, extremely poisoned, 71% to hit)
The bolt of acid hits the troll!
The acid corrodes the troll!
You kill the troll!
Your base Short Blades skill gained 2 levels and is now at level 2!
Unknown command.
You start resting.
A wight comes into view. It is wielding a +3 trident.
Things that are here:
a +0 flail; a +0 robe; an orc corpse Really walk into that dispersal trap?
You enter a dispersal trap!
You blink.
The wight closely misses you.
Really walk into that dispersal trap?
You enter a dispersal trap!
The wight blinks! x3; You blink.
The wight enters a dispersal trap!
You blink.
The wight hits you from afar with a +3 trident!
* * * LOW HITPOINT WARNING * * *
You feel drained.
You die...

### ##### #.## ####...##
.#.########....#@.##
#.......##....###..####
.........<.#.##.##z.z.##
#..####.#.....#.#......#######
#..# #....#.##.##.#.........#
#..# ##..####...####......#.#
#..#
#.##.........##.....#ยง####
#..#
#..####...#'##..........z.
#..#
##..#.##.##.#.......#.####


You could see 2 wights.

Vanquished Creatures
  Grinder (D:4)
  A troll (D:7)
  A steam dragon (D:7)
  A water moccasin (D:6)
  Duvessa (D:7)
  An ice beast (D:6)
  2 black bears
  An ogre (D:6)
  A centaur (D:6)
  2 phantoms
  A bullfrog (D:6)
  A necrophage (D:7)
  7 scorpions
  A wight (D:7)
  Dowan (D:7)
  2 electric eels (D:7)
  2 howler monkeys (D:7)
  7 hounds
  2 orc priests
  6 iguanas
  Terence (D:2)
  Natasha (thrice) (D:2)
  2 orc wizards
  Robin (D:2)
  3 adders
  14 gnolls
  A shadow imp (D:7)
  An ufetubus (D:5)
  A worm (D:3)
  A dart slug (D:1)
  22 orcs
  4 ball pythons
  8 endoplasms
  3 giant cockroaches
  17 goblins
  10 hobgoblins
  7 jackals
  5 quokkas
  5 bats
  A frilled lizard (D:3)
  9 kobolds
  7 rats
168 creatures vanquished.

Notes
Turn   | Place    | Note
-------+----------+-------------------------------------------
     0 | D:1      | porpoise the Merfolk Monk began the quest for the Orb.
     0 | D:1      | Reached XP level 1. HP: 18/18 MP: 1/1
   253 | D:1      | Reached skill level 4 in Long Blades
   460 | D:1      | Reached XP level 2. HP: 21/24 MP: 2/2
   896 | D:1      | Reached XP level 3. HP: 30/30 MP: 3/3
  1092 | D:1      | Found Leilir Tauke's Jewellery Emporium.
  1249 | D:2      | Noticed Terence
  1326 | D:2      | Found Niamah Uhuni's Magic Scroll Shoppe.
  1339 | D:2      | Bought a scroll of identify for 26 gold pieces
  1339 | D:2      | Bought a scroll of identify for 26 gold pieces
  1339 | D:2      | Bought a scroll of teleportation for 39 gold pieces
  1349 | D:2      | Noticed Natasha
  1356 | D:2      | Killed Natasha
  1357 | D:2      | Reached skill level 5 in Long Blades
  1357 | D:2      | Reached XP level 4. HP: 34/37 MP: 4/4
  1591 | D:2      | Noticed Robin
  1608 | D:2      | Killed Robin
  2007 | D:2      | Noticed Natasha
  2021 | D:2      | Killed Natasha
  2022 | D:2      | Reached XP level 5. HP: 28/43 MP: 5/5
  2234 | D:2      | Noticed Natasha
  2244 | D:2      | Killed Natasha
  2245 | D:2      | Reached skill level 6 in Long Blades
  2282 | D:2      | Killed Terence
  2997 | D:3      | Reached XP level 6. HP: 49/50 MP: 6/6
  3108 | D:3      | Reached skill level 7 in Long Blades
  3371 | D:4      | Upgraded the game from 0.30-a0-304-gdc4b735fe1 to
                  | 0.30-a0-305-g026cb31310
  3439 | D:4      | Reached skill level 5 in Fighting
  3800 | D:4      | Found an opulent altar of Gozag.
  3803 | D:4      | Found a broken altar of Ashenzari.
  3819 | D:4      | Noticed Grinder
  3831 | D:4      | Paralysed by Grinder for 5 turns
  3847 | D:4      | Paralysed by Grinder for 3 turns
  3853 | D:4      | Killed Grinder
  3854 | D:4      | Reached skill level 8 in Long Blades
  3854 | D:4      | Reached XP level 7. HP: 41/57 MP: 7/7
  4555 | D:4      | Reached skill level 9 in Long Blades
  5115 | D:5      | Entered Level 5 of the Dungeon
  5175 | D:5      | Reached XP level 8. HP: 43/65 MP: 8/8
  5521 | D:5      | Reached skill level 10 in Long Blades
  5901 | D:5      | Found a staircase to the Ecumenical Temple.
  6091 | Temple   | Entered the Ecumenical Temple
  6250 | Temple   | Became a worshipper of Elyvilon the Healer
  6250 | Temple   | Reached * piety under Elyvilon
  6250 | Temple   | Reached ** piety under Elyvilon
  6421 | D:5      | Reached skill level 1 in Armour
  6421 | D:5      | Reached skill level 1 in Invocations
  7078 | D:6      | Reached skill level 11 in Long Blades
  7078 | D:6      | Reached XP level 9. HP: 71/72 MP: 9/11
  7823 | D:7      | Noticed Duvessa
  7835 | D:7      | Noticed Dowan
  7853 | D:7      | Killed Duvessa
  7874 | D:7      | Killed Dowan
  8074 | D:7      | Reached skill level 5 in Invocations
  8249 | D:7      | Reached skill level 5 in Dodging
  8566 | D:7      | Reached skill level 12 in Long Blades
  8741 | D:7      | Reached *** piety under Elyvilon
  8963 | D:7      | Noticed a troll
  8982 | D:7      | HP: 3/72 [troll (11)]
  8985 | D:7      | Killed a troll
  9034 | D:7      | Slain by a wight

Illustrated notes

Levels and vault maps discovered:
D:1:      dpeg_arrival_solitude, layout_rooms, serial_shops, shop_fountains
D:2:      layout_basic, serial_shops, shop, uniq_robin, uniq_terence,
          uniq_natasha
D:3:      layout_rooms
D:4:      layout_layer_cave, grunt_temple_overflow_open, uniq_grinder
D:5:      layout_loops_ring, minmay_temple_entry_glassed_door, hex_tiny,
          hangedman_decor_points
D:6:      layout_loops_ring
D:7:      layout_loops_ring, minivault_23, kennysheep_donut,
          minmay_fractal_squares_gapless_5, uniq_duvessa
Temple:   nicolae_temple_bog_church

Skill      XL: |  1  2  3  4  5  6  7  8  9 |
---------------+----------------------------+-----
Long Blades    | 4 5 6 8 9 11 12 | 12.0
Fighting       | 4 5 6 7 |  7.0
Armour         | 1 3 |  3.0
Invocations    | 2 5 |  5.7
Dodging        | 5 |  5.8
Short Blades   | 2 |  2.0
Stealth        | |  2.1

Action                   |  1- 3 |  4- 6 |  7- 9 || total
-------------------------+-------+-------+-------++-------
Melee: Falchion          |    87 |   266 |   229 ||   582
       Punch             |       |     1 |     5 ||     6
       Dagger            |       |       |   101 ||   101
       Short sword       |       |       |    36 ||    36
       Unarmed           |       |       |    20 ||    20
Throw: Dart              |       |     6 |    21 ||    27
       Boomerang         |       |     2 |    36 ||    38
Invok: Heal Other        |       |       |     3 ||     3
Evoke: Wand              |       |       |     4 ||     4
  Use: Scroll            |     3 |     2 |    12 ||    17
       Potion            |       |       |     7 ||     7
 Stab: Sleeping          |     3 |     1 |       ||     4
       Distracted        |     1 |       |     1 ||     2
Armor: Ring mail         |    25 |    96 |   102 ||   223
       Skin              |       |       |    26 ||    26
Dodge: Dodged            |    53 |   152 |   173 ||   378

Table legend: (Time is in decaauts)
 A = Elapsed time spent in this place.
 B = Non-inter-level travel time spent in this place.
 C = Inter-level travel time spent in this place.
 D = Time resting spent in this place.
 E = Time spent auto-exploring this place.
 F = Levels seen in this place.
 G = Mean time per level.
                   A        B        C        D        E       F      G
               +--------+--------+--------+--------+--------+-----+--------+
         Total |   8918 |   8712 |    206 |   3260 |   3559 |   8 | 1114.8 |
       Dungeon |   8789 |   8597 |    192 |   3260 |   3466 |   7 | 1255.6 |
        Temple |    128 |    114 |     14 |      0 |     93 |   1 |  128.0 |
               +--------+--------+--------+--------+--------+-----+--------+

Top non-repeatable levels by time:
     D:4: 1930 daAuts
     D:2: 1338 daAuts
     D:1: 1264 daAuts
     D:7: 1243 daAuts
     D:5: 1185 daAuts
     D:6: 1039 daAuts
     D:3: 787 daAuts
  Temple: 128 daAuts
